 Dungeon Crawl Stone Soup version 0.28.0-43-g3370ac3207 (webtiles) character file.

Game seed: 1093497547313188987

3658 Peloso the Carver (level 9, -3/81 HPs)
             Began as a Minotaur Fighter on Mar 23, 2022.
             Was a Believer of Okawaru.
             Slain by a two-headed ogre
             ... wielding a +0 giant club
              (4 damage)
             ... on level 8 of the Dungeon.
             The game lasted 00:09:50 (8609 turns).

Peloso the Carver (Minotaur Fighter)                Turns: 8609, Time: 00:09:50

Health: -3/81      AC: 14    Str: 24    XL:     9   Next: 88%
Magic:  6/8        EV: 11    Int:  5    God:    Okawaru [**....]
Gold:   487        SH:  6    Dex: 11    Spells: 8/8 levels left

rFire   . . .      SeeInvis .   a - +0 long sword
rCold   . . .      Faith    .   c - +0 buckler
rNeg    . . .      Spirit   .   E - +0 chain mail
rPois   +          Reflect  .   (helmet restricted)
rElec   .          Harm     .   o - +0 cloak
rCorr   .          Rampage  .   (no gloves)
Will    +....                   (no boots)
Stlth   ..........              (no amulet)
HPRegen 0.23/turn               g - ring of willpower
MPRegen 0.11/turn               h - ring of poison resistance

@: heroic
A: horns 2, retaliatory headbutt
a: Renounce Religion, Heroism


You were on level 8 of the Dungeon.
You worshipped Okawaru.
Okawaru was pleased with you.
You visited 2 branches of the dungeon, and saw 9 of its levels.
You also visited: Ossuary.

You collected 539 gold pieces.
You spent 52 gold pieces at shops.

Inventory:

Hand Weapons
 a - a +0 long sword (weapon)
Armour
 b - a +0 scale mail
 c - a +0 buckler (worn)
 o - a +0 cloak (worn)
 E - a +0 chain mail (worn)
Jewellery
 g - a ring of willpower (left hand)
 h - a ring of poison resistance (right hand)
 x - a ring of protection from cold
 y - a +6 ring of dexterity
 z - a +6 ring of dexterity
Wands
 k - a wand of polymorph (12)
Scrolls
 d - a scroll of brand weapon
 e - 2 scrolls of identify
 j - a scroll of amnesia {unknown}
 l - a scroll of teleportation {unknown}
 m - a scroll of vulnerability {unknown}
 p - 2 scrolls of enchant armour {unknown}
 r - 2 scrolls of noise {unknown}
 s - 2 scrolls of fear {unknown}
 u - 2 scrolls of silence {unknown}
 B - a scroll of acquirement {unknown}
 C - 4 scrolls of blinking {unknown}
 G - 3 scrolls of immolation {unknown}
Potions
 f - a potion of cancellation
 i - 4 potions of curing
 n - 3 potions of heal wounds
 q - 4 potions of brilliance
 t - a potion of haste
 v - 2 potions of mutation
 w - 2 potions of flight {unknown}
 A - 2 potions of ambrosia {unknown}
 D - a potion of attraction {unknown}
 F - a potion of magic {unknown}


   Skills:
 + Level 8.0(13.0) Fighting
 + Level 10.5(15.5) Long Blades
 + Level 9.5(14.5) Armour
 + Level 3.9(8.9) Dodging
 + Level 0.7(5.7) Stealth
 + Level 6.5(11.5) Shields
 + Level 1.0 Invocations


You had 8 spell levels left.
You didn't know any spells.
Your spell library contained the following spells:

 Spells                   Type           Power      Damage    Failure   Level
 Gell's Gravitas          Tloc           0%         N/A       100%        3
 Lesser Beckoning         Tloc           0%         N/A       100%        3
 Teleport Other           Tloc           0%         N/A       100%        3
 Borgnjor's Vile Clutch   Necr/Erth      0%         N/A       100%        5
 Dispersal                Tloc           0%         N/A       100%        6
 Animate Dead             Necr           Unusable   N/A       N/A         4
 Death Channel            Necr           Unusable   N/A       N/A         6

Dungeon Overview and Level Annotations

Branches:
Dungeon (8/15)             Temple (1/1) D:5         Ossuary (visited)
   Lair: D:8-11

Altars:
Gozag
Kikubaaqudgha
Okawaru
Xom
Zin
The Shining One

Shops:
D:1 :   D:3 (   D:6 (![([   D:7 *


Innate Abilities, Weirdness & Mutations

You have a pair of horns on your head.
You reflexively headbutt those who attack you in melee.


Message History

You headbutt the water moccasin.
You kill the water moccasin!
Okawaru accepts your kill.
You see here a water moccasin corpse.
i - 4 potions of curing (gained 1)
A two-headed ogre comes into view. It is wielding two +0 giant clubs.
The two-headed ogre shouts in stereo!
You hear an angry buzzing noise. x3
A two-headed ogre is nearby!
A two-headed ogre is nearby!
You gain the combat prowess of a mighty hero. 2 killer bees come into view.
The killer bee buzzes angrily. x2
The two-headed ogre closely misses you. The two-headed ogre misses you.
You slash the two-headed ogre!
The two-headed ogre is lightly wounded.
You hit the two-headed ogre but do no damage.
You headbutt the two-headed ogre!
The two-headed ogre is moderately wounded.
The two-headed ogre hits you with a +0 giant club!
You block the two-headed ogre's attack.
You barely miss the two-headed ogre.
Your headbutt misses the two-headed ogre.
The two-headed ogre is moderately wounded.
You completely miss the two-headed ogre.
The two-headed ogre is moderately wounded.
The two-headed ogre hits you with a +0 giant club! x2
You hit the two-headed ogre but do no damage.
The two-headed ogre is moderately wounded.
You hit the two-headed ogre. You headbutt the two-headed ogre.
The two-headed ogre is heavily wounded.
The two-headed ogre hits you with a +0 giant club!!
The two-headed ogre hits you with a +0 giant club!
* * * LOW HITPOINT WARNING * * *
A killer bee comes into view.
You slash the two-headed ogre! You headbutt the two-headed ogre!
The two-headed ogre is almost dead.
The two-headed ogre hits you with a +0 giant club!
* * * LOW HITPOINT WARNING * * *
The two-headed ogre hits you with a +0 giant club.
You die...

#.####.#
.....
#......#
#####
#.######
######.#
...##.#
#.##.# #.#
#....#
..y..###.####
#yyO@.#
#######


You could see a two-headed ogre and 3 killer bees.

Vanquished Creatures
  Pikel (D:8)
  A komodo dragon (D:7)
  Grinder (D:5)
  Prince Ribbit (D:7)
  Menkaure (D:7)
  2 water moccasins
  2 necrophages
  3 ogres
  A centaur (D:5)
  A phantom (D:5)
  A lemure (D:8)
  2 bullfrogs (D:7)
  3 scorpions
  A wyvern zombie (D:7)
  2 water moccasin skeletons
  3 killer bees (D:7)
  2 vampire bats (D:3)
  2 bullfrog zombies
  2 centaur zombies
  4 hounds
  Jessica (D:2)
  3 iguanas
  Crazy Yiuf (D:2)
  A hound zombie (D:5)
  A hound skeleton (D:4)
  8 mummies (Ossuary)
  A howler monkey zombie (D:5)
  A howler monkey skeleton (D:7)
  3 adders
  A white imp (D:5)
  An ufetubus (D:5)
  A worm (D:4)
  3 dart slugs
  6 orcs
  9 bats
  7 endoplasms
  3 giant cockroaches
  2 gnoll zombies (Ossuary)
  4 goblins
  8 hobgoblins
  2 jackals (D:3)
  3 quokkas
  4 ball pythons
  2 frilled lizards
  2 hobgoblin zombies (Ossuary)
  7 kobolds
  3 kobold zombies (Ossuary)
  An orc zombie (Ossuary)
  4 rats
129 creatures vanquished.

Notes
Turn   | Place    | Note
-------+----------+-------------------------------------------
     0 | D:1      | Peloso the Minotaur Fighter began the quest for the Orb.
     0 | D:1      | Reached XP level 1. HP: 19/19 MP: 0/0
    11 | D:1      | Found Akusodam's Book Shop.
   213 | D:1      | Reached XP level 2. HP: 27/27 MP: 1/1
   973 | D:2      | Reached XP level 3. HP: 21/33 MP: 2/2
  1160 | D:2      | Noticed Jessica
  1165 | D:2      | Killed Jessica
  1175 | D:2      | Reached skill level 3 in Long Blades
  1211 | D:2      | Found a faded altar of an unknown god.
  1276 | D:2      | Reached skill level 1 in Dodging
  1467 | D:2      | Reached XP level 4. HP: 40/40 MP: 3/3
  1613 | D:2      | Found a runed translucent door.
  1614 | D:2      | Noticed Crazy Yiuf
  1619 | D:2      | Killed Crazy Yiuf
  2315 | D:3      | Found Epnur's Antique Weapon Shoppe.
  2460 | D:3      | Reached XP level 5. HP: 45/47 MP: 4/4
  2666 | D:3      | Reached skill level 4 in Long Blades
  2666 | D:3      | Reached skill level 5 in Armour
  2889 | D:4      | Noticed an ogre
  2913 | D:5      | Entered Level 5 of the Dungeon
  2925 | D:5      | Reached XP level 6. HP: 38/55 MP: 5/5
  2936 | D:5      | Reached skill level 5 in Fighting
  3165 | D:5      | Reached skill level 5 in Long Blades
  3350 | D:5      | Reached skill level 5 in Shields
  3350 | D:5      | Reached XP level 7. HP: 56/61 MP: 6/6
  3526 | D:5      | Noticed Grinder
  3528 | D:5      | Found a staircase to the Ecumenical Temple.
  3532 | D:5      | Paralysed by Grinder for 6 turns
  3545 | D:5      | Killed Grinder
  3677 | D:5      | Reached skill level 6 in Long Blades
  3689 | Temple   | Entered the Ecumenical Temple
  3727 | Temple   | Became a worshipper of Warmaster Okawaru
  4141 | D:5      | Reached XP level 8. HP: 70/70 MP: 7/7
  4478 | D:6      | Reached skill level 7 in Long Blades
  4542 | D:6      | Found Kops's Armour Boutique.
  4594 | D:6      | Found Arghontimei's Antique Armour Emporium.
  4596 | D:6      | Found Ohififat's Antique Weapon Emporium.
  4597 | D:6      | Found Towkeggi's Antique Weapon Emporium.
  4603 | D:6      | Found Caugh's Distillery.
  4612 | D:6      | Bought a potion of degeneration for 13 gold pieces
  4612 | D:6      | Bought a potion of curing for 39 gold pieces
  4781 | D:6      | Reached * piety under Okawaru
  4782 | D:6      | Reached skill level 8 in Long Blades
  5192 | D:7      | Found a sand-covered staircase.
  5200 | Ossuary  | Entered an ossuary
  6137 | D:7      | Noticed a komodo dragon
  6151 | D:7      | Killed a komodo dragon
  6152 | D:7      | Reached XP level 9. HP: 75/79 MP: 5/8
  6302 | D:7      | Noticed Menkaure
  6310 | D:7      | Reached skill level 9 in Long Blades
  6315 | D:7      | Killed Menkaure
  6318 | D:7      | HP: 3/79 [wyvern zombie (8)]
  6688 | D:7      | Found an opulent altar of Gozag.
  6862 | D:7      | Found Tuaczirr's Assorted Antiques.
  6975 | D:7      | Noticed Pikel
  7038 | D:8      | Killed Pikel
  7039 | D:8      | Reached skill level 10 in Long Blades
  7167 | D:7      | Noticed Prince Ribbit
  7182 | D:7      | Killed Prince Ribbit
  7182 | D:7      | Reached ** piety under Okawaru
  7762 | D:4      | Reached skill level 1 in Invocations
  8600 | D:8      | Noticed a two-headed ogre
  8609 | D:8      | HP: 1/81 [two-headed ogre/+0 giant club (8)]
  8609 | D:8      | Slain by a two-headed ogre

Illustrated notes

Levels and vault maps discovered:
D:1:      dpeg_arrival_rhombus, layout_basic, serial_shops, shop
D:2:      minmay_evil_eye, layout_rooms, shapermc_ecumenical_altar_petra,
          uniq_jessica, uniq_crazy_yiuf_cottage
D:3:      layout_loops_corners, serial_shops, shop, st_stairs_8, roderic_batcave
D:4:      layout_loops_corners
D:5:      wad_pebble_path, layout_layer_cave, temple_pool_b, uniq_grinder
D:6:      layout_cave_pools, serial_shops, shop, minmay_shop_grid_forest
D:7:      layout_gridville, mainiacjoe_overflow_six_doors_small, serial_shops,
          nicolae_shop_overgrown_old_shop, chequers_ossuary_entry_cave,
          minmay_misc_feat_room, uniq_menkaure, uniq_prince_ribbit1, uniq_pikel
D:8:      lemuel_insect_pit, layout_loops_corners, minmay_puff
Temple:   mainiacjoe_temple_archimedes_tessellation

Skill      XL: |  1  2  3  4  5  6  7  8  9 |
---------------+----------------------------+-----
Fighting       | 4 5 7 8 |  8.0
Shields        | 4 5 6 |  6.5
Armour         | 4 5 6 8 9 |  9.5
Long Blades    | 3 4 5 6 8 10 | 10.5
Dodging        | 1 2 3 |  3.9
Invocations    | 1 |  1.0
Stealth        | |  0.7

Action                   |  1- 3 |  4- 6 |  7- 9 || total
-------------------------+-------+-------+-------++-------
Melee: Long sword        |    44 |   108 |   245 ||   397
       Headbutt          |     4 |    16 |    59 ||    79
Invok: Heroism           |       |       |     6 ||     6
  Use: Scroll            |       |       |     7 ||     7
       Potion            |       |       |     4 ||     4
Armor: Scale mail        |    20 |    72 |    81 ||   173
       Chain mail        |       |       |     3 ||     3
Dodge: Dodged            |    30 |    80 |   109 ||   219
Block: Buckler           |     8 |    39 |    48 ||    95
